Workbook

Sheet Cover
B11: MUNICIPALITY OF | G11: (Seleccionar)
B12: Budget Reapportionment for Capital Improvements Project
C14: Project Title | D14: Indicar el título del Proyecto.
C15: Project Description | D15: Describa el proyecto, el alcance de los trabajos y el objetivo principal.
C16: Strategic Purpose of the Project | D16: FALSE | E16: Economic Development
D17: FALSE | E17: Critical Infrastructure
D18: FALSE | E18: Health
D19: FALSE | E19: Public Safety
C20: Estimated Project Cost
C21: Estimated or Actual Construction Start Date (MM/DD/YYYY)
C22: Estimated Construction Completion Date (MM/DD/YYYY)

Sheet Source of Funds
A1: =Cover!G11 -> (Seleccionar)
A2: =Cover!B12 -> Budget Reapportionment for Capital Improvements Project
A3: =Cover!D14 -> Indicar el título del Proyecto.
A4: ="Estimated Project Cost"&" - $"&Cover!D20 -> Estimated Project Cost - $
A6: SOURCE OF FUNDS | B6: Prior Years | C6: FY 2027 | D6: FY 2028 | E6: FY 2029 | F6: Total
A7: General Fund | B7: 0 | C7: 0 | D7: 0 | E7: 0 | F7: =SUM(B7:E7) -> 0
A8: Federal Funds | B8: 0 | C8: 0 | D8: 0 | E8: 0 | F8: =SUM(B8:E8) -> 0
A9: FEMA | B9: 0 | C9: 0 | D9: 0 | E9: 0 | F9: =SUM(B9:E9) -> 0
A10: CDBG | B10: 0 | C10: 0 | D10: 0 | E10: 0 | F10: =SUM(B10:E10) -> 0
A11: CDBG-DR | B11: 0 | C11: 0 | D11: 0 | E11: 0 | F11: =SUM(B11:E11) -> 0
A12: FTA | B12: 0 | C12: 0 | D12: 0 | E12: 0 | F12: =SUM(B12:E12) -> 0
A13: Other federal funds | B13: 0 | C13: 0 | D13: 0 | E13: 0 | F13: =SUM(B13:E13) -> 0
A14: Insurance Proceeds | B14: 0 | C14: 0 | D14: 0 | E14: 0 | F14: =SUM(B14:E14) -> 0
A15: Debt or Other Finance Agreement | B15: 0 | C15: 0 | D15: 0 | E15: 0 | F15: =SUM(B15:E15) -> 0
A16: Others Financing Sources | B16: 0 | C16: 0 | D16: 0 | E16: 0 | F16: =SUM(B16:E16) -> 0
A17: Specify: | B17: 0 | C17: 0 | D17: 0 | E17: 0 | F17: =SUM(B17:E17) -> 0
A18: Total Source of Funds | B18: =SUM(B7:B17) -> 0 | C18: =SUM(C7:C17) -> 0 | D18: =SUM(D7:D17) -> 0 | E18: =SUM(E7:E17) -> 0 | F18: =SUM(F7:F17) -> 0
A20: Estimated Project Cost | F20: =Cover!D20 -> 0
A22: Gap Between Estimated Project Costs and Available Funding Sources | B22: =IF(B18-B20>0,0,B18-B20) -> 0 | C22: =IF(C18-C20>0,0,C18-C20) -> 0 | D22: =IF(D18-D20>0,0,D18-D20) -> 0 | E22: =IF(E18-E20>0,0,E18-E20) -> 0 | F22: =IF(F18-F20>0,0,F18-F20) -> 0

Sheet Spending Plan & Operations
A1: =Cover!G11 -> (Seleccionar)
A2: =Cover!B12 -> Budget Reapportionment for Capital Improvements Project
A3: =Cover!D14 -> Indicar el título del Proyecto.
A4: ="Estimated Project Cost"&" - $"&Cover!D20 -> Estimated Project Cost - $
A5: Project Spending Plan and Operational Costs
A8: SPENDING PLAN | B8: Starting Date (M/D/Y) | C8: Ending Date (M/D/Y) | D8: Prior Years | E8: FY 2027 | F8: FY 2028 | G8: FY 2029 | H8: Total
A9: Financing & Legal Setup Phase | D9: 0 | E9: 0 | F9: 0 | G9: 0 | H9: =SUM(D9:G9) -> 0
A10: Design Phase | D10: 0 | E10: 0 | F10: 0 | G10: 0 | H10: =SUM(D10:G10) -> 0
A11: Pre-Construction Phase | D11: 0 | E11: 0 | F11: 0 | G11: 0 | H11: =SUM(D11:G11) -> 0
A12: Procurement Phase | D12: 0 | E12: 0 | F12: 0 | G12: 0 | H12: =SUM(D12:G12) -> 0
A13: Mobilization Phase | D13: 0 | E13: 0 | F13: 0 | G13: 0 | H13: =SUM(D13:G13) -> 0
A14: Construction Phase (Execution) | D14: 0 | E14: 0 | F14: 0 | G14: 0 | H14: =SUM(D14:G14) -> 0
A15: Program/Construction Management Phase | D15: 0 | E15: 0 | F15: 0 | G15: 0 | H15: =SUM(D15:G15) -> 0
A16: Post-Construction / Closeout | D16: 0 | E16: 0 | F16: 0 | G16: 0 | H16: =SUM(D16:G16) -> 0
A17: Operations Startup / Activation Phase | D17: 0 | E17: 0 | F17: 0 | G17: 0 | H17: =SUM(D17:G17) -> 0
A18: Contingency & Reserve | D18: 0 | E18: 0 | F18: 0 | G18: 0 | H18: =SUM(D18:G18) -> 0
A19: Total Spending Plan | D19: =SUM(D9:D18) -> 0 | E19: =SUM(E9:E18) -> 0 | F19: =SUM(F9:F18) -> 0 | G19: =SUM(G9:G18) -> 0 | H19: =SUM(H9:H18) -> 0
A22: Operational Costs | B22: Yearly Amount
A23: Labor and Personnel | B23: 0
A24: Building Systems Maintenance | B24: 0
A25: Facility Repairs and Minor Renovations | B25: 0
A26: Grounds and Exterior Maintenance | B26: 0
A27: Custodial and Cleaning Services | B27: 0
A28: Utilities | B28: 0
A29: Equipment and Tools | B29: 0
A30: Safety and Compliance | B30: 0
A31: Supplies and Consumables | B31: 0
A32: Service Contracts and Outsourced Vendors | B32: 0
A33: Vehicles and Transportation | B33: 0
A34: Emergency and Contingency Repairs | B34: 0
A35: Total Operational Costs | B35: =SUM(B23:B34) -> 0
A37: Source of Funds for Operational Costs | B37: Yearly Amount
A38: General Fund | B38: 0
A39: Special Revenues Funds | B39: 0
A40: Propietary Funds | B40: 0
A41: Federal Funds | B41: 0
A42: Debt or Other Finance Agreement | B42: 0
A43: Others Financing Sources
A44: Specify: | B44: 0
A45: Total Source of Funds for Operational Costs | B45: =SUM(B38:B44) -> 0

Sheet Add Info
A1: =Cover!G11 -> (Seleccionar)
A2: =Cover!B12 -> Budget Reapportionment for Capital Improvements Project
A3: =Cover!D14 -> Indicar el título del Proyecto.
A4: ="Estimated Project Cost"&" - $"&Cover!D20 -> Estimated Project Cost - $
A7: 1 | B7: Any other information that justifies the need and supports it.
B8: See attached letter
A11: 2 | B11: Does the Municipality have a capital improvement plan?
B12: See attached Recovery Plan of the Municipality
A14: 3 | B14: What is the expected economic impact of each project? (expected revenue, financial analysis and/or profitability metrics)
B15: This project has no economic impact.

Sheet Instrucciones
A1: Instrucciones para completar la Plantilla de
A2: Distribución de Fondos Municipales 2027 para Mejoras Capitales
A4: Información General
A5: Esta Plantilla está diseñada para documentar y planificar la distribución de fondos municipales para el año fiscal 2027. Siga estas instrucciones paso a paso para completar correctamente cada sección. No modifique las celdas o filas que calculan automáticamente.
A7: Secciones de la Plantilla
A8: 1. Hoja "Cover" (Portada)
A9: Información a completar
A10: · Nombre del Municipio: Escriba el nombre del municipio.
A11: · Project Title: Escriba el nombre del proyecto de mejora capital.
A12: · Project Description: Escriba una descripción detallada del proyecto. Importante: Si el proyecto tiene requerimientos según alguna ley o legislación vigente, debe incluir esta información en la descripción.
A13: · Strategic Purpose of the Project: Seleccionar el concepto de mejora capital que aplique a su proyecto.
A14: Desarrollo económico
... A53: · Columna B - Escriba el estimado de fondos anuales disponibles de cada fuente

Sheet Dropdown
A1: MUNICIPIO
A2: (Seleccionar)
A3: ADJUNTAS
A4: AGUADA
A5: AGUADILLA
A6: AGUAS BUENAS
A7: AIBONITO
A8: AÑASCO
A9: ARECIBO
A10: ARROYO
A11: BARCELONETA
A12: BARRANQUITAS
... A80: YAUCO
